 Dungeon Crawl Stone Soup version 0.30.1-11-g7821555f0a (webtiles) character file.

Game seed: 8678938751968594248

101130 booth the Severer (level 15, -3/141 HPs)
             Began as a Minotaur Fighter on Jan 7, 2024.
             Was the Champion of Qazlal.
             Slain by a slime creature (8 damage)
             ... on level 2 of the Pits of Slime on Jan 8, 2024.
             The game lasted 02:43:17 (22074 turns).

booth the Severer (Minotaur Fighter)               Turns: 22074, Time: 02:43:17

Health: -3/141     AC: 18    Str: 23    XL:     15   Next: 82%
Magic:  22/22      EV: 15    Int:  9    God:    Qazlal [******]
Gold:   177        SH:  0    Dex: 11    Spells: 14/14 levels left

rFire   + . .        l - +9 broad axe (vamp)
rCold   + . .        c - +1 buckler
rNeg    . . .        o - +1 acid dragon scales
rPois   .            U - +2 hat
rElec   .            a - scarf {rC+ rF+}
rCorr   +            E - +2 pair of gloves
SInv    +            M - +2 pair of boots
Will    +....        s - amulet of regeneration Stlth
                     h - +5 ring of evasion
HPRegen 1.23/turn    Y - ring of see invisible
MPRegen 0.18/turn

%: repel missiles
@: confused, protected from physical damage, corroded, studying Shields
A: horns 2, retaliatory headbutt, screaming 1, teleportitis 1
a: Renounce Religion, Upheaval, Elemental Force, Disaster Area


You were on level 2 of the Pits of Slime.
You worshipped Qazlal.
Qazlal was exalted by your worship.
You visited 4 branches of the dungeon, and saw 23 of its levels.
You also visited: Ossuary and Volcano.

You collected 1753 gold pieces.
You spent 1576 gold pieces at shops.

Inventory:

Hand Weapons
 l - a +9 vampiric broad axe (weapon)
 x - the +0 mace "Noicis" {antimagic, Str+2 Int+4}
   (You found it on level 3 of the Dungeon)

   Str:       It affects your strength (+2).
   Int:       It affects your intelligence (+4).
 S - a +3 dire flail of venom
Missiles
 p - 66 poisoned darts
 r - 4 boomerangs (quivered)
 v - 5 javelins
 N - 5 boomerangs of dispersal
 O - a curare-tipped dart
 P - 6 silver javelins
 T - a throwing net
 V - 4 atropa-tipped darts
Armour
 a - a scarf of resistance (worn)
 c - a +1 buckler (worn)
 o - +1 acid dragon scales (worn)
 E - a +2 pair of gloves (worn)
 M - a +2 pair of boots (worn)
 Q - a +2 chain mail
 U - a +2 hat (worn)
 W - a +2 cloak
Jewellery
 h - a +5 ring of evasion (left hand)
 n - a +6 ring of intelligence
 s - an amulet of regeneration (around neck)
 F - a ring of protection from cold
 Y - a ring of see invisible (right hand)
Wands
 b - a wand of roots (18)
 q - a wand of quicksilver (5)
 u - a wand of digging (11)
 D - a wand of charming (8)
 I - a wand of mindburst (9)
 J - a wand of polymorph (10)
Scrolls
 e - 4 scrolls of fog
 i - a scroll of brand weapon
 j - 4 scrolls of poison
 y - 3 scrolls of fear
 H - a scroll of silence
 L - 8 scrolls of teleportation
 R - 2 scrolls of magic mapping
 X - 2 scrolls of blinking
 Z - 13 scrolls of identify
Potions
 d - 6 potions of might
 f - 2 potions of berserk rage
 g - 5 potions of resistance
 k - 3 potions of lignification
 m - 4 potions of magic
 t - 5 potions of attraction
 w - 2 potions of curing
 z - 10 potions of ambrosia
 A - 2 potions of invisibility
 B - 3 potions of flight
 C - 3 potions of brilliance
 K - 2 potions of haste


   Skills:
 + Level 15.5 Fighting
 + Level 17.0 Axes
 + Level 11.1 Throwing
 + Level 13.6 Armour
 + Level 14.5 Shields
 + Level 11.2 Invocations


You had 14 spell levels left.
You didn't know any spells.
Your spell library contained the following spells:

 Spells                   Type           Power      Damage    Failure   Level
 Beastly Appendage        Tmut           0%         N/A       45%         1
 Kiss of Death            Conj/Necr      0%         2d5       45%         1
 Magic Dart               Conj           0%         1d3       45%         1
 Shock                    Conj/Air       0%         1d3       45%         1
 Call Imp                 Summ           0%         N/A       61%         2
 Cigotuvi's Dreadful Rot  Necr/Pois/Air  0%         N/A       61%         2
 Ensorcelled Hibernation  Hex/Ice        0%         N/A       61%         2
 Passwall                 Tmut/Erth      0%         N/A       61%         2
 Poisonous Vapours        Pois/Air       0%         N/A       61%         2
 Wereblood                Tmut           0%         N/A       61%         2
 Confusing Touch          Hex            0%         N/A       83%         3
 Dazzling Flash           Conj/Hex       0%         N/A       83%         3
 Ignite Poison            Fire/Tmut/Pois 0%         N/A       83%         3
 Mephitic Cloud           Conj/Pois/Air  0%         N/A       83%         3
 Spider Form              Tmut/Pois      0%         N/A       83%         3
 Swiftness                Air            0%         N/A       83%         3
 Tukima's Dance           Hex            0%         N/A       83%         3
 Airstrike                Air            0%         2d(0-16)  99%         4
 Cause Fear               Hex            0%         N/A       99%         4
 Dispel Undead            Necr           0%         3d6       99%         4
 Passage of Golubria      Tloc           0%         N/A       99%         4
 Sticky Flame             Conj/Fire      0%         2d3       99%         4
 Agony                    Necr           0%         N/A       100%        5
 Freezing Cloud           Conj/Ice/Air   0%         6-21      100%        5
 Silence                  Hex/Air        0%         N/A       100%        5
 Yara's Violent Unravell  Hex/Tmut       0%         3d3       100%        5
 Death Channel            Necr           0%         N/A       100%        6
 Dragon Form              Tmut           0%         N/A       100%        7
 Ignition                 Fire           0%         3d3       100%        8
 Dragon's Call            Summ           0%         N/A       100%        9


Dungeon Overview and Level Annotations

Branches:
Dungeon (15/15)            Temple (1/1) D:4            Lair (5/5) D:8
 Shoals (0/4) Lair:2       Spider (0/4) Lair:2        Slime (2/5) Lair:5
    Orc (0/2) D:11         Vaults (0/5) D:13         Depths (0/4) D:15
Ossuary (visited)         Volcano (visited)

Altars:
Ashenzari
Cheibriados
Dithmenos
Elyvilon
Fedhas
Gozag
Hepliaklqana
Kikubaaqudgha
Makhleb
Nemelex Xobeh
Okawaru
Qazlal
Ru
Sif Muna
Trog
Uskayaw
Vehumet
Wu Jian
Xom
Yredelemnul
Zin
The Shining One

Shops:
D:7 *   D:9 :??

Portals:
Trove: D:14 (give 7 potions of haste)

Annotations:
D:7 exclusion: statue
D:10 1 runed translucent door, Dirkles's ghost, novice HuBe
D:11 exclusion: orange crystal statue
Lair:2 2 transporters
Lair:5 2 runed translucent doors


Innate Abilities, Weirdness & Mutations

You have a pair of horns on your head.
You reflexively headbutt those who attack you in melee.
You occasionally shout uncontrollably at your foes.
You are occasionally teleported next to monsters.


Message History

Qazlal accepts your kill. The golden eye blinks at you.
You are confused.
The quicksilver ooze is engulfed in blazing flames.
You kill the quicksilver ooze!
Qazlal accepts your kill. The golden eye blinks at you.
You are more confused.
The acid blob is engulfed in a thunderstorm.
The acid blob spits acid at you.
The splash of acid is repelled.
The golden eye blinks at you.
You are more confused.
The golden eye pulsates ominously.
The golden eye blinks at you. You resist with almost no effort.
The golden eye blinks!
The golden eye blinks at you. You resist with some effort.
The acid blob spits acid at you. The splash of acid hits you. You resist.
* * * LOW HITPOINT WARNING * * *
The golden eye blinks at you. You resist with almost no effort.
The acid blob spits acid at you. The splash of acid hits you. You resist.
* * * LOW HITPOINT WARNING * * *
The acid corrodes you! The slime creature closely misses you.
The golden eye blinks at you. You resist with almost no effort.
The golden eye blinks at you. You resist with some effort.
You slice the golden eye!!
You kill the golden eye!
Qazlal accepts your kill.
You hit the rockslime but do no damage. You hit the slime creature.
You feel better. The golden eye blinks at you.
You easily resist.
The slime creature hits you!
You die...

#.#.#.## #.###.##
.#.....# ..#...#
##..#.## ###...#.##
#....## #
##..#.#...# # ....##
##.#........# ..#
....##
#...°.......#..#
.....#
##....○°........###
....##
#.....☼.☼J.....##.##
#####
##......@.J........
..#...#..JJJ...#..#
...#...§○..J......#
........G..JJ.....#
#.##.......#......#
# #...#....JJ....#
#.......#.#...##
............J.JJ
............


You could see 2 acid blobs, a titanic slime creature, 6 slime creatures, 2
rockslimes and a golden eye.

Vanquished Creatures
  Rupert (Lair:4)
  7 acid blobs
  Gastronok (D:8)
  A rockslime (Slime:2)
  4 azure jellies
  5 quicksilver oozes
  A stone giant (Volcano)
  An ettin (D:15)
  A vault guard (D:13)
  3 great orbs of eyes
  Erolcha (D:9)
  Harold (D:9)
  An ogre mage (D:15)
  4 hydras
  Erica (Lair:1)
  11 death yaks (Lair:4)
  3 boulder beetles
  8 two-headed ogres
  A fire crab (Lair:5)
  Amaemon (D:10)
  Lodul (D:14)
  A wizard (D:15)
  3 deep trolls (D:15)
  2 deep elf pyromancers
  Pikel (D:5)
  A shining eye (Slime:2)
  10 ugly things
  Joseph (D:8)
  4 manticores
  3 cyclopes
  5 black mambas
  3 molten gargoyles (Lair:5)
  A torpor snail (Lair:2)
  8 elephants
  An orange demon (D:10)
  2 gargoyles (D:13)
  4 unseen horrors
  12 cane toads
  14 komodo dragons
  2 efreet
  Psyche (D:8)
  A tengu conjurer (D:15)
  A queen bee (shapeshifter) (D:11)
  3 meliai (D:15)
  A meliai (shapeshifter) (D:15)
  6 trolls
  A queen bee (D:15)
  Grinder (D:5)
  A blink frog (shapeshifter) (D:15)
  5 dream sheep (Lair:4)
  Prince Ribbit (D:8)
  A snapping turtle (Lair:2)
  A tarantella (shapeshifter) (D:14)
  A shadow (D:9)
  29 slime creatures
  23 blink frogs
  5 culicivoras (Lair:2)
  14 wyverns
  3 wraiths
  22 yaks
  A vampire (D:14)
  6 fire bats (Volcano)
  2 fire elementals (Volcano)
  6 basilisks
  2 golden eyes (Slime:2)
  3 steam dragons
  2 vampire mosquitoes (D:7)
  An acid dragon (D:10)
  A warg (D:11)
  13 water moccasins
  Duvessa (D:7)
  4 hell hounds (Lair:5)
  An ice beast (D:7)
  7 orc warriors
  6 black bears
  12 ogres
  A sky beast (D:6)
  A centaur (D:5)
  4 wolves
  3 lemures (D:5)
  4 phantoms
  5 kobold brigands
  13 bullfrogs
  2 gnoll sergeants
  3 earth elementals (Volcano)
  12 scorpions
  7 wights
  Dowan (D:7)
  35 killer bees
  11 electric eels
  3 howler monkeys
  12 lava snakes
  4 jellies
  7 orc priests
  3 hounds
  2 human zombies (Ossuary)
  6 iguanas
  2 sleepcaps
  Jessica (D:2)
  3 scorpion zombies (Ossuary)
  Natasha (thrice) (D:2)
  7 orc wizards
  3 mummies (Ossuary)
  13 adders
  9 gnolls
  3 white imps
  An ufetubus (D:6)
  2 worms
  A dart slug (D:3)
  31 orcs
  6 bats
  7 endoplasms
  8 hobgoblins
  3 quokkas
  7 ball pythons
  A frilled lizard (D:3)
  A goblin (D:3)
  3 hobgoblin zombies (Ossuary)
  29 kobolds
  A kobold zombie (Ossuary)
  2 orc zombies (Ossuary)
  5 rats
616 creatures vanquished.

Vanquished Creatures (others)
  2 lava snakes
  An orc wizard (D:5)
3 creatures vanquished.

Grand Total: 619 creatures vanquished

Notes
Turn   | Place    | Note
-------+----------+-------------------------------------------
     0 | D:1      | booth the Minotaur Fighter began the quest for the Orb.
     0 | D:1      | Reached XP level 1. HP: 19/19 MP: 0/0
   192 | D:1      | Reached skill level 3 in Axes
   334 | D:1      | Reached XP level 2. HP: 27/27 MP: 1/1
   676 | D:2      | Noticed Jessica
   686 | D:2      | Killed Jessica
   687 | D:2      | Reached skill level 4 in Axes
   687 | D:2      | Reached XP level 3. HP: 33/33 MP: 2/2
   774 | D:2      | Noticed Natasha
   787 | D:2      | Killed Natasha
   788 | D:2      | Reached XP level 4. HP: 28/41 MP: 3/3
   843 | D:2      | Noticed Natasha
   853 | D:2      | Killed Natasha
   855 | D:2      | Found a faded altar of an unknown god.
   905 | D:2      | Noticed Natasha
   934 | D:2      | Reached skill level 5 in Axes
   958 | D:2      | Killed Natasha
   959 | D:2      | Reached XP level 5. HP: 47/47 MP: 4/4
  1279 | D:3      | Reached skill level 5 in Fighting
  1627 | D:3      | Reached skill level 6 in Axes
  1810 | D:3      | Identified the +0 mace "Noicis" {antimagic, Str+2 Int+4}
  2238 | D:4      | Noticed a phantom
  2253 | D:4      | Killed a phantom
  2254 | D:4      | Reached XP level 6. HP: 42/57 MP: 5/5
  2638 | D:4      | Reached skill level 7 in Axes
  2647 | D:4      | Found a staircase to the Ecumenical Temple.
  2664 | Temple   | Entered the Ecumenical Temple
  3033 | D:4      | Reached XP level 7. HP: 60/63 MP: 6/6
  3240 | D:5      | Entered Level 5 of the Dungeon
  3416 | D:5      | Reached skill level 8 in Axes
  3490 | D:5      | Noticed Grinder
  3502 | D:5      | Noticed Pikel
  3509 | D:5      | Killed Grinder
  3510 | D:5      | Reached skill level 9 in Axes
  3524 | D:5      | HP: 3/66 [Pikel/+2 whip of electrocution (18)]
  3586 | D:5      | Killed Pikel
  3587 | D:5      | Reached skill level 10 in Axes
  3587 | D:5      | Reached XP level 8. HP: 8/74 MP: 7/7
  3765 | D:5      | Found a sand-covered staircase.
  3780 | Ossuary  | Entered an ossuary
  3895 | Ossuary  | Reached skill level 11 in Axes
  4067 | Ossuary  | Reached XP level 9. HP: 80/82 MP: 8/8
  4675 | D:5      | Found a stormy altar of Qazlal.
  4681 | D:5      | Reached skill level 1 in Throwing
  4689 | D:5      | Identified a scroll of acquirement
  4690 | D:5      | Acquired a +1 vampiric broad axe
  4705 | D:5      | Became a worshipper of Qazlal Stormbringer
  5400 | D:6      | Reached skill level 12 in Axes
  5444 | D:6      | Reached skill level 1 in Invocations
  5600 | D:6      | You fall into a shaft and drop 1 floor!
  5620 | D:7      | Reached * piety under Qazlal
  5625 | D:7      | Reached skill level 5 in Shields
  5630 | D:7      | Reached skill level 5 in Armour
  5675 | D:7      | Found a radiant altar of Vehumet.
  6029 | D:6      | Found a glowing silver altar of Zin.
  6240 | D:6      | Found a glowing golden altar of the Shining One.
  6550 | D:7      | Noticed Dowan
  6551 | D:7      | Noticed Duvessa
  6558 | D:7      | Killed Dowan
  6563 | D:7      | Killed Duvessa
  6564 | D:7      | Reached XP level 10. HP: 44/93 MP: 11/11
  6867 | D:7      | Found Rumualas's Neck Hole.
  7043 | D:7      | Reached skill level 10 in Fighting
  7257 | D:8      | Found a snail-covered altar of Cheibriados.
  7773 | D:8      | Noticed Joseph
  7777 | D:8      | Noticed Gastronok
  7791 | D:8      | Killed Joseph
  7795 | D:8      | Killed Gastronok
  8045 | D:8      | Noticed Prince Ribbit
  8049 | D:8      | Killed Prince Ribbit
  8057 | D:8      | Reached skill level 13 in Axes
  8058 | D:8      | Reached ** piety under Qazlal
  8065 | D:8      | Reached XP level 11. HP: 70/101 MP: 13/13
  8106 | D:8      | Reached skill level 5 in Throwing
  8224 | D:8      | Found a staircase to the Lair.
  8231 | D:8      | Noticed Psyche
  8240 | D:8      | Killed Psyche
  8577 | D:9      | Found Egyrr's Book Emporium.
  8583 | D:9      | Noticed Harold
  8609 | D:9      | Killed Harold
  8610 | D:9      | Reached skill level 5 in Invocations
  8611 | D:9      | Noticed a two-headed ogre
  8723 | D:9      | Noticed Erolcha
  8737 | D:9      | Killed Erolcha
  9065 | D:9      | Killed a two-headed ogre
  9304 | D:9      | Found Dibad's Magic Scroll Shop.
  9310 | D:9      | Bought a scroll of enchant weapon for 112 gold pieces
  9310 | D:9      | Bought a scroll of blinking for 112 gold pieces
  9310 | D:9      | Bought a scroll of enchant weapon for 112 gold pieces
  9314 | D:9      | Bought a scroll of identify for 30 gold pieces
  9334 | D:9      | Reached *** piety under Qazlal
  9553 | D:9      | Found Nugysuit's Magic Scroll Shop.
  9557 | D:9      | Bought a scroll of identify for 30 gold pieces
  9557 | D:9      | Bought a scroll of identify for 30 gold pieces
  9557 | D:9      | Bought a scroll of identify for 30 gold pieces
  9611 | D:10     | Entered Level 10 of the Dungeon
  9857 | D:10     | Noticed Amaemon
  9871 | D:10     | Killed Amaemon
 10279 | D:10     | Found a bloodstained altar of Trog.
 10329 | D:10     | Found a runed translucent door.
 10329 | D:10     | Found a shimmering altar of Xom.
 10329 | D:10     | Noticed Dirkles's ghost (novice HuBe)
 10330 | D:10     | Noticed a +2 long sword of chaos
 10568 | D:10     | Found a burning altar of Makhleb.
 10794 | Lair:1   | Entered Level 1 of the Lair of Beasts
 10842 | Lair:1   | Noticed Erica
 10851 | Lair:1   | Killed Erica
 11189 | Lair:1   | Reached XP level 12. HP: 111/111 MP: 15/15
 11274 | Lair:1   | Reached skill level 14 in Axes
 11330 | Lair:1   | Found a dark tunnel.
 11343 | Volcano  | Entered a volcano
 11456 | Volcano  | Noticed a stone giant
 11465 | Volcano  | Killed a stone giant
 11465 | Volcano  | Reached **** piety under Qazlal
 11576 | Volcano  | Found a burning altar of Makhleb.
 11603 | Volcano  | Found a radiant altar of Vehumet.
 12107 | Lair:2   | Noticed a seven-headed hydra
 12120 | Lair:2   | Killed a seven-headed hydra
 12242 | Lair:2   | Found a staircase to the Shoals.
 12538 | Lair:2   | Found a hole to the Spider Nest.
 12607 | Lair:2   | Found a transporter.
 12619 | Lair:2   | Reached skill level 10 in Shields
 12649 | Lair:2   | Found a transporter.
 12651 | Lair:2   | Found the +2 hood of the Assassin {Detect Stab+ Stlth++}
 12963 | Lair:3   | Noticed a five-headed hydra
 12973 | Lair:3   | Killed a five-headed hydra
 12974 | Lair:3   | Reached skill level 10 in Armour
 12974 | Lair:3   | Reached XP level 13. HP: 57/119 MP: 5/17
 13054 | Lair:3   | Reached ***** piety under Qazlal
 13215 | Lair:3   | Identified the +6 trident of Ewkuq {speed, +Blink SInv
                  | Stlth+}
 13683 | Lair:4   | Noticed Rupert
 13769 | Lair:4   | Paralysed by Rupert for 4 turns
 13771 | Lair:4   | Reached skill level 15 in Axes
 13783 | Lair:4   | Killed Rupert
 14365 | Lair:4   | Identified the +7 falchion "Qitux" {pain, Contam rPois
                  | rN+++ Int-2}
 14702 | Lair:5   | Entered Level 5 of the Lair of Beasts
 14750 | Lair:5   | Found a staircase to the Slime Pits.
 14935 | Lair:5   | Reached XP level 14. HP: 130/130 MP: 19/19
 15026 | Lair:5   | Found a large runed translucent door.
 15184 | Lair:5   | Found a large runed translucent door.
 16543 | D:11     | Reached ****** piety under Qazlal
 16564 | D:11     | Found a staircase to the Orcish Mines.
 17364 | D:12     | Reached skill level 16 in Axes
 18271 | D:13     | Found a gate to the Vaults.
 18701 | D:14     | Noticed Lodul
 18715 | D:14     | Killed Lodul
 18733 | D:14     | Reached skill level 10 in Invocations
 18917 | D:14     | Reached skill level 10 in Throwing
 19092 | D:14     | Identified the +0 robe "Imuniqoi" {rF- Will- Regen+
                  | Archmagi}
 19172 | D:14     | Found a portal to a secret trove of treasure.
 19410 | D:9      | Bought a manual of Shields for 1120 gold pieces
 19574 | D:15     | Entered Level 15 of the Dungeon
 19612 | D:15     | Reached XP level 15. HP: 108/139 MP: 21/21
 20392 | D:15     | Found a staircase to the Depths.
 20860 | Slime:1  | Entered Level 1 of the Pits of Slime
 20860 | Slime:1  | Noticed an acid blob
 20863 | Slime:1  | Noticed an azure jelly
 20975 | Slime:1  | Noticed an azure jelly
 20975 | Slime:1  | Noticed an acid blob
 20982 | Lair:5   | Killed an azure jelly
 20983 | Lair:5   | Reached skill level 15 in Fighting
 20986 | Lair:5   | Killed an acid blob
 21051 | Slime:1  | Killed an azure jelly
 21059 | Slime:1  | Killed an acid blob
 21079 | Slime:1  | Noticed an acid blob
 21089 | Slime:1  | Killed an acid blob
 21093 | Slime:1  | Noticed an azure jelly
 21104 | Slime:1  | Killed an azure jelly
 21153 | Slime:1  | Noticed an acid blob
 21163 | Slime:1  | Killed an acid blob
 21701 | Slime:2  | Noticed an acid blob
 21702 | Slime:2  | Noticed an azure jelly
 21709 | Slime:2  | Killed an azure jelly
 21712 | Slime:2  | Killed an acid blob
 21872 | Slime:2  | Noticed an acid blob
 21873 | Slime:2  | Noticed a rockslime
 21877 | Slime:2  | Killed an acid blob
 21878 | Slime:2  | Noticed an acid blob
 21888 | Slime:2  | Killed a rockslime
 21889 | Slime:2  | Reached skill level 17 in Axes
 21891 | Slime:2  | Killed an acid blob
 21897 | Slime:2  | Gained mutation: You occasionally shout uncontrollably at
                  | your foes. [a shining eye]
 21899 | Slime:2  | Gained mutation: You are occasionally teleported next to
                  | monsters. [a shining eye]
 22056 | Slime:2  | Noticed an acid blob
 22056 | Slime:2  | Noticed a rockslime
 22057 | Slime:2  | Noticed a rockslime
 22057 | Slime:2  | Noticed an acid blob
 22067 | Slime:2  | HP: 4/141 [rockslime (15)]
 22073 | Slime:2  | HP: 1/141 [acid blob/splash of acid (5)]
 22074 | Slime:2  | Slain by a slime creature

Illustrated notes

Levels and vault maps discovered:
D:1:      dpeg_arrival_arbitrary_b, layout_rooms, nicolae_hexahallways,
          corexii_corridor_pit, minmay_misc_feat_roman, minmay_domino_4
D:2:      layout_rooms, ebering_ecumenical_altar_mist, uniq_jessica,
          uniq_natasha
D:3:      layout_basic
D:4:      wander_river, layout_basic, minmay_temple_entry_sparse_star
D:5:      layout_basic, overflow_temple_1_default, chequers_ossuary_entry_cave,
          nicolae_nh_ransacked_shop, uniq_grinder, uniq_pikel
D:6:      layout_loops_cross, zin_scriptorium, nicolae_tso_swordbearing_angel,
          minmay_quadrilaterals
D:7:      layout_rooms, vehumet_statue, nrook_campfire, palyth_stone_intersect,
          nicolae_shop_sticking_my_neck_out, uniq_duvessa
D:8:      layout_cave_pools, cheibriados_altar_1, minmay_lair_entry_grove,
          uniq_psyche, uniq_prince_ribbit1, uniq_gastronok, uniq_joseph
D:9:      layout_loops_ring, serial_shops, nicolae_stop_n_shop_2,
          nicolae_shop_back_alley_shop, nicolae_shop_rolled_up, uniq_erolcha,
          uniq_harold
D:10:     layout_irregular_city, mainiacjoe_overflow_cross_hatched,
          trog_three_pillars_becter, ebering_ghost_xom, uniq_amaemon
D:11:     layout_cave_pools, david_orc_1_choice, disabler_island
D:12:     layout_basic, gauntlet_entry_generic
D:13:     layout_irregular_city, david_vaults_5
D:14:     layout_roguey, trove_entry_hex_spiral, minmay_misc_feat_secret_circle,
          uniq_lodul
D:15:     hangedman_depths_entry_civil_slaughter, layout_basic,
          nicolae_concentric_dashed_squares_wild, special_room
          [special_room_bee]
Temple:   nicolae_temple_superstar
Lair:1:   layout_chaotic_city, nicolae_volcano_entry_hallway, uniq_erica
Lair:2:   gammafunk_cloud_chamber, layout_chaotic_city, minmay_shoals_entry_hut,
          hellmonk_spider_entry_life_and_decay
Lair:3:   layout_big_grid, lemuel_fruit_tree, infiniplex_staircase_pool_2,
          serial_bayou_shore_b, serial_bayou_shore_a
Lair:4:   layout_regular_city, uniq_rupert
Lair:5:   cheibrodos_lair_end_hotspot, layout_big_grid, slime_entry_1
Slime:1:  layout_caves
Slime:2:  layout_caves

Skill      XL: |  1  2  3  4  5  6  7  8  9 10 11 12 13 14 15 |
---------------+----------------------------------------------+-----
Axes           | 3 4 5 6 7 10 11 12 13 14 15 16 17 | 17.0
Fighting       | 4 5 6 8 9 10 11 12 13 14 15 | 15.5
Throwing       | 3 4 6 7 9 10 11 | 11.1
Armour         | 5 6 8 10 11 12 13 | 13.6
Shields        | 5 7 8 10 11 12 14 | 14.5
Invocations    | 2 4 6 7 9 10 11 | 11.2

Action                     |  1- 3 |  4- 6 |  7- 9 | 10-12 | 13-15 || total
---------------------------+-------+-------+-------+-------+-------++-------
  Melee: War axe           |    41 |   130 |   165 |       |       ||   336
         Headbutt          |     5 |    19 |    53 |   105 |   169 ||   351
         Broad axe         |       |       |   118 |   424 |   717 ||  1259
         Mace              |       |       |       |    13 |    15 ||    28
  Throw: Boomerang         |       |     1 |     6 |    11 |    37 ||    55
         Javelin           |       |       |       |       |     3 ||     3
 Invoke: Upheaval          |       |       |       |     1 |     2 ||     3
  Evoke: Wand              |       |       |       |       |     3 ||     3
    Use: Scroll            |     4 |     8 |    11 |    16 |    10 ||    49
         Potion            |       |       |     6 |     1 |     2 ||     9
 Armour: Scale mail        |    18 |    15 |    72 |    10 |       ||   115
         Chain mail        |       |       |       |   166 |   167 ||   333
         Acid dragon scale |       |       |       |       |    65 ||    65
  Dodge: Dodged            |    31 |    75 |   153 |   276 |   271 ||   806
         Repelled          |       |       |       |       |    15 ||    15
  Block: Buckler           |     5 |    16 |    62 |   271 |   472 ||   826
